 Dungeon Crawl Stone Soup version 0.17.0-28-g6e173f8 (console) character file.

24 Kloppie the Conjurer (level 2, -2/20 HPs)
             Began as a Draconian Conjurer on Dec 3, 2015.
             Slain by a gnoll
             ... wielding a +0 whip
              (3 damage)
             ... on level 2 of the Dungeon.
             The game lasted 00:02:12 (1263 turns).

Kloppie the Conjurer (Draconian Conjurer)           Turns: 1263, Time: 00:02:12

Health: -2/20      AC:  5    Str: 10    XL:     2   Next: 79%
Magic:  5/5        EV: 12    Int: 15    God:
Gold:   31         SH:  0    Dex: 11    Spells: 2 memorised, 3 levels left

rFire  . . .     SeeInvis .     k - +0 whip
rCold  . . .     Clarity  .     (armour unavailable)
rNeg   . . .     SustAt   .     (no shield)
rPois  .         Gourm    .     (helmet restricted)
rElec  .         Spirit   .     c - +0 cloak
rCorr  .         Warding  .     (no gloves)
rMut   .         Stasis   .     (no boots)
MR     .....                    (no amulet)
Stlth  ++........               (no ring)
                                (no ring)

@: not resistant to hostile enchantments, unstealthy
A: unfitting armour, cold-blooded, AC +4
a: no special abilities


You were on level 2 of the Dungeon.
You were not hungry.

You visited 1 branch of the dungeon, and saw 2 of its levels.

You collected 31 gold pieces.

Inventory:

Hand Weapons
 k - a +0 whip (weapon)
Missiles
 e - 23 poisoned needles
Armour
 c - a +0 cloak (worn)
Scrolls
 f - 3 scrolls of teleportation {unknown}
 g - a scroll of magic mapping {unknown}
 h - 2 scrolls of remove curse {unknown}
 i - a scroll of enchant weapon {unknown}
 j - a scroll of identify {unknown}
Potions
 d - 2 potions of curing {unknown}
 l - a potion of flight {unknown}
Books
 a - a book of Conjurations

   Spells                             Type                      Level
   a - Magic Dart                     Conjuration                  1
   b - Searing Ray                    Conjuration                  2
   c - Dazzling Spray                 Conjuration/Hexes            3
   d - Fulminant Prism                Conjuration/Hexes            4
   e - Iskenderun's Mystic Blast      Conjuration                  4
   f - Iskenderun's Battlesphere      Conjuration/Charms           5
Comestibles
 b - 2 bread rations


   Skills:
 + Level 0.2 Fighting
 - Level 1.7 Dodging
 - Level 1.7 Stealth
 + Level 2.7 Spellcasting
 + Level 4.3 Conjurations


You had 3 spell levels left.
You knew the following spells:

 Your Spells              Type           Power        Failure   Level  Hunger
a - Magic Dart            Conj           ###.         3%          1    #......
b - Searing Ray           Conj           ###...       6%          2    ##.....


Dungeon Overview and Level Annotations

Branches:
Dungeon (2/15)

Altars:


Innate Abilities, Weirdness & Mutations

Your plain brown scales are hard (AC +4).
Your body does not fit into most forms of armour.
You are cold-blooded and may be slowed by cold attacks.


Message History

There is a stone staircase leading up here.
The gnoll hits you but does no damage.
The gnoll throws a throwing net.
The throwing net hits you.
You become entangled in the net!
You stop ascending the stairs.
You can't do that while held in a net.
You struggle against the net.
The gnoll hits you but does no damage. The gnoll hits you with a whip.
You try to slip out of the net.
The gnoll hits you!
* * * LOW HITPOINT WARNING * * *
The gnoll hits you with a whip.
* * * LOW HITPOINT WARNING * * *
You can't do that while held in a net.
You try to slip out of the net.
The gnoll hits you.
* * * LOW HITPOINT WARNING * * *
The gnoll closely misses you.
You slip out of the net!
The gnoll hits you but does no damage. The gnoll hits you with a club.
* * * LOW HITPOINT WARNING * * *
The gnoll hits you with a whip.
You die...

..............#
..........(...#
..............##
...............#
...............#
...............#.
.................
#..@g........
#..gg........
#............
#######
#.........#..
#...... #.........#
#...... #....!..###.
#......##?.........#
................##.#
#...............# ..


You could see 3 gnolls.

Vanquished Creatures
  A gnoll (D:1)
  A giant gecko (D:1)
  4 bats
  2 hobgoblins (D:1)
  2 giant newts (D:1)
  3 goblins (D:1)
  3 rats (D:1)
16 creatures vanquished.

Notes
Turn   | Place    | Note
--------------------------------------------------------------
     0 | D:1      | Kloppie the Draconian Conjurer began the quest for the Orb.
     0 | D:1      | Reached XP level 1. HP: 14/14 MP: 3/3
   521 | D:1      | Reached XP level 2. HP: 20/20 MP: 1/5
  1020 | D:1      | Learned a level 2 spell: Searing Ray
  1263 | D:2      | HP: 1/20 [gnoll/club (3)]
  1263 | D:2      | Slain by a gnoll

Action                   || total
-------------------------++-------
Melee: Unarmed           ||    11
       Whip              ||    24
 Cast: Magic Dart        ||    29
 Stab: Sleeping          ||     1
  Eat: Chunk             ||     1
